 Dungeon Crawl Stone Soup version 0.22-a0-75-g1fede22 (webtiles) character file.

5965 KristoblXynda the Nimble (level 10, -5/53 HPs)
             Began as a Tengu Gladiator on Jan 12, 2018.
             Was an Initiate of Gozag.
             Slain by a freezing wraith (9 damage)
             ... on level 1 of the Abyss.
             The game lasted 00:15:45 (10316 turns).

KristoblXynda the Nimble (Tengu Gladiator)         Turns: 10316, Time: 00:15:45

Health: -5/53      AC: 13    Str: 14    XL:     10   Next: 84%
Magic:  15/15      EV: 13    Int: 12    God:    Gozag
Gold:   679        SH:  5    Dex: 16    Spells: 9/9 levels left

rFire    . . .     SeeInvis .   I - +4 scimitar (elec)
rCold    . . .     Gourm    .   l - +0 buckler
rNeg     . . .     Faith    .   n - +0 chain mail {rPois}
rPois    +         Spirit   .   c - +0 hat
rElec    .         Reflect  .   a - +1 cloak {MR+}
rCorr    .         Harm     .   (no gloves)
MR       +....                  (boots unavailable)
Stlth    ..........             (no amulet)
HPRegen  0.17/turn              b - +2 ring of evasion
MPRegen  0.14/turn              (no ring)

@: no status effects
A: beak, talons 3, able to fly 1
a: Fly, Potion Petition, Call Merchant, Bribe Branch, Renounce Religion


You were on level 1 of the Abyss.
You worshipped Gozag.
Gozag was pleased with you.
You were not hungry.

You visited 2 branches of the dungeon, and saw 11 of its levels.
You visited the Abyss 1 time.

You collected 1078 gold pieces.
You spent 238 gold pieces at shops.
You paid 161 gold pieces to Gozag.

Inventory:

Hand Weapons
 h - a +3 scimitar
 I - a +4 scimitar of electrocution (weapon)
Missiles
 d - 3 throwing nets (quivered)
Armour
 a - a +1 cloak of magic resistance (worn)
 c - a +0 hat (worn)
 l - a +0 buckler (worn)
 n - a +0 chain mail of poison resistance (worn)
Magical Staves
 B - an uncursed staff of wizardry
Jewellery
 b - a +2 ring of evasion (left hand)
 v - an uncursed ring of flight
Wands
 A - a wand of acid (5)
 F - a wand of iceblast (18)
 G - a wand of digging (12)
Scrolls
 g - 2 scrolls of amnesia
 j - a scroll of fear
 p - 4 scrolls of remove curse
 r - 2 scrolls of blinking
 w - 2 scrolls of teleportation
Potions
 e - a potion of curing
 i - 5 potions of magic
 k - 2 potions of cancellation
 s - 2 potions of invisibility
 z - 2 potions of ambrosia
 C - a potion of mutation
Comestibles
 f - 9 rations


   Skills:
 - Level 2.0 Fighting
 + Level 9.5 Long Blades
 - Level 2.0 Throwing
 + Level 8.8 Armour
 + Level 9.5 Dodging
 - Level 4.0 Shields
 - Level 6.1 Evocations


You had 9 spell levels left.
You didn't know any spells.

Dungeon Overview and Level Annotations

Branches:
Dungeon (10/15)            Temple (1/1) D:7            Lair (0/6) D:9
    Orc (0/2) D:9

Altars:
Ashenzari
Cheibriados
Dithmenos
Elyvilon
Fedhas
Gozag
Hepliaklqana
Kikubaaqudgha
Makhleb
Nemelex Xobeh
Okawaru
Qazlal
Ru
Sif Muna
Trog
Uskayaw
Vehumet
Wu Jian
Xom
Yredelemnul
Zin
The Shining One

Shops:
D:8 (


Innate Abilities, Weirdness & Mutations

You have a beak for a mouth.
You have claws for feet.
You can fly.


Message History

The freezing wraith hits you! The freezing wraith freezes you!!
* * * LOW HITPOINT WARNING * * *
The freezing wraith hits you but does no damage.
You barely miss the freezing wraith. Your kick misses the freezing wraith.
The freezing wraith is moderately damaged.
You block the freezing wraith's attack. The freezing wraith misses you.
You closely miss the freezing wraith.
You claw the freezing wraith, but do no damage.
You peck the freezing wraith, but do no damage.
The freezing wraith is moderately damaged.
Unknown command.
You feel better.
The freezing wraith hits you but does no damage.
The freezing wraith closely misses you.
You feel better. The freezing wraith hits you.
The freezing wraith freezes you!!
* * * LOW HITPOINT WARNING * * *
The freezing wraith hits you!
You die...
Your body crumbles into a pile of gold.

# ≈ $ ## ≈≈ ## ###≈≈≈
## ###≈≈≈≈ #####W≈≈≈≈
$ ##..≈≈≈≈≈≈
##W#≈≈≈≈≈≈ $ $
##@#≈≈≈≈≈≈ ## #
##..#≈≈≈≈≈≈ #.##
#####...#≈≈≈≈≈≈ . . #
.##.###...###.##. .
.......#.###...###...
. .... .. .#.#####
..# ...... ##. # # .
... .## #.. .. .. . .


You could see a freezing wraith.

Vanquished Creatures
  2 two-headed ogres (D:9)
  Pikel (D:8)
  Prince Ribbit (D:8)
  A hungry ghost (D:9)
  4 vampire mosquitoes (D:10)
  4 porcupines (D:9)
  2 black bears (D:9)
  2 orc warriors
  A phantom (D:4)
  2 ogres
  A gnoll sergeant (D:9)
  A wyvern skeleton (D:9)
  5 scorpions
  8 killer bees
  2 howler monkeys
  12 wights (D:9)
  2 vampire bats (D:7)
  A quasit (D:10)
  2 jellies
  3 orc priests
  3 hounds
  3 orc wizards
  A bullfrog skeleton (D:10)
  Terence (D:3)
  7 iguanas
  3 worker ants
  2 hound skeletons
  11 adders
  8 gnolls
  2 shadow imps
  An adder zombie (D:6)
  3 worms
  2 dart slugs
  3 leopard geckos
  30 orcs
  14 bats
  8 giant cockroaches
  5 goblins
  4 hobgoblins (D:1)
  8 jackals
  7 kobolds
  3 quokkas (D:2)
  2 ball pythons
  7 frilled lizards
  7 rats
  3 fungi (D:6)
205 creatures vanquished.

Vanquished Creatures (others)
  A centaur (D:8)
  8 fungi (D:9)
  3 plants (D:9)
12 creatures vanquished.

Grand Total: 217 creatures vanquished

Notes
Turn   | Place    | Note
-------+----------+-------------------------------------------
     0 | D:1      | KristoblXynda the Tengu Gladiator began the quest for the Orb.
     0 | D:1      | Reached XP level 1. HP: 12/12 MP: 2/2
    72 | D:1      | Reached XP level 2. HP: 9/17 MP: 3/3
    74 | D:1      | Reached skill level 1 in Armour
   819 | D:1      | Reached XP level 3. HP: 11/21 MP: 4/4
  1421 | D:2      | Reached XP level 4. HP: 26/26 MP: 5/5
  2040 | D:2      | Gained mutation: You can fly. [Tengu growth]
  2040 | D:2      | Reached XP level 5. HP: 30/30 MP: 6/6
  2406 | D:3      | Noticed Terence
  2418 | D:3      | Killed Terence
  2474 | D:3      | Reached skill level 1 in Shields
  3202 | D:4      | Reached XP level 6. HP: 35/35 MP: 7/7
  3236 | D:4      | Noticed a phantom
  3270 | D:4      | Killed a phantom
  3270 | D:4      | Reached skill level 5 in Long Blades
  3270 | D:4      | Reached skill level 5 in Dodging
  3898 | D:5      | Entered Level 5 of the Dungeon
  3927 | D:5      | Reached XP level 7. HP: 32/40 MP: 8/8
  4050 | D:5      | Found a hazy altar of Hepliaklqana.
  6209 | D:7      | Reached XP level 8. HP: 43/44 MP: 9/9
  6214 | D:7      | Reached skill level 5 in Armour
  6468 | D:7      | Found a staircase to the Ecumenical Temple.
  7010 | Temple   | Entered the Ecumenical Temple
  7028 | Temple   | Became a worshipper of Gozag Ym Sagoz the Greedy
  7349 | D:8      | Noticed Prince Ribbit
  7389 | D:8      | Killed Prince Ribbit
  7389 | D:8      | Reached skill level 1 in Evocations
  7824 | D:8      | Noticed Pikel
  7840 | D:8      | Killed Pikel
  7840 | D:8      | Reached XP level 9. HP: 28/48 MP: 10/12
  8071 | D:8      | Found Laduyng's Antique Weapon Boutique.
  8078 | D:8      | Bought a glowing scimitar for 238 gold pieces
  8479 | D:9      | Noticed a two-headed ogre
  8490 | D:9      | Killed a two-headed ogre
  8844 | D:9      | Reached XP level 10. HP: 49/53 MP: 14/14
  9034 | D:9      | Reached skill level 5 in Evocations
  9412 | D:9      | Found a staircase to the Lair.
  9554 | D:9      | Noticed a two-headed ogre
  9558 | D:9      | Killed a two-headed ogre
  9606 | D:9      | Found a staircase to the Orcish Mines.
  9690 | D:10     | Entered Level 10 of the Dungeon
 10096 | D:10     | Identified a scroll of acquirement
 10254 | D:10     | Cast into level 1 of the Abyss (big kobold)
 10298 | Abyss:1  | Noticed a tentacled starspawn
 10299 | Abyss:1  | Noticed a large abomination
 10316 | Abyss:1  | Slain by a freezing wraith

Vault maps used:
D:1:      tarquinn_simple_flora_water_e, minmay_misc_feat_four_crosses
D:2:      first_ration
D:3:      uniq_terence
D:4:      minmay_misc_feat_columns
D:5:      kennysheep_mini
D:6:      minmay_misc_feat_ornament, minmay_gold_behind_fungi, hex_medium
D:7:      minmay_temple_entry_steel_oval, roderic_batcave
D:8:      serial_shops, shop, uniq_pikel, uniq_prince_ribbit1
D:9:      grunt_lair_entry_orc_guard_hut, orc_0_dummy
D:10:     minmay_misc_feat_room
Temple:   nicolae_temple_the_god_donut
Abyss:1:  hangedman_cross_veins

Skill      XL: |  1  2  3  4  5  6  7  8  9 10 |
---------------+-------------------------------+-----
Armour         | 1 2 3 4 6 7 8 |  8.8
Dodging        | 4 5 6 7 8 9 |  9.5
Long Blades    | 4 5 6 7 8 9 |  9.5
Shields        | 1 2 3 4 |  4.0
Evocations     | 2 4 6 |  6.1
Fighting       | |  2.0
Throwing       | |  2.0

Action                   |  1- 3 |  4- 6 |  7- 9 | 10-12 || total
-------------------------+-------+-------+-------+-------++-------
Melee: Long sword        |    59 |    20 |    26 |       ||   105
       Kick              |    15 |    48 |    73 |    38 ||   174
       Peck              |     7 |    36 |    51 |    22 ||   116
       Dagger            |     2 |   139 |   177 |       ||   318
       Scimitar          |       |       |    43 |   121 ||   164
Evoke: Wand              |       |       |    11 |     3 ||    14
  Use: Scroll            |       |       |    14 |     9 ||    23
       Potion            |       |       |     8 |     3 ||    11
 Stab: Distracted        |       |       |       |     1 ||     1
  Eat: Chunk             |     2 |     5 |     4 |       ||    11
       Ration            |       |     1 |     3 |     3 ||     7
Armor: Leather armour    |     9 |       |       |       ||     9
       Ring mail         |    17 |     5 |       |       ||    22
       Scale mail        |       |    48 |    55 |     8 ||   111
       Chain mail        |       |       |       |    34 ||    34
Dodge: Dodged            |    53 |    61 |   170 |    97 ||   381
Block: Buckler           |       |    15 |    56 |    32 ||   103
       Rpst.: Long sword |    13 |       |     5 |       ||    18
       Scimitar          |       |       |     8 |    24 ||    32

Table legend:
 A = Spawn XP
 B = Non-spawn XP
 C = Spawn XP percentage of total XP
 D = Spawn monster count
 E = Non-spawn monster count
 F = Spawn count percentage of total count
 G = Total turns spent on level
                    A         B        C        D         E        F      G
               +---------+---------+-------+---------+---------+-------+---------
         Total |       0 |    8522 |   0.0 |       0 |     202 |   0.0 | 10316
               +---------+---------+-------+---------+---------+-------+---------
           D:1 |       0 |      49 |   0.0 |       0 |      22 |   0.0 |   993
           D:2 |       0 |     157 |   0.0 |       0 |      33 |   0.0 |  1403
           D:3 |       0 |      71 |   0.0 |       0 |      10 |   0.0 |   372
           D:4 |       0 |     245 |   0.0 |       0 |      14 |   0.0 |  1130
           D:5 |       0 |     378 |   0.0 |       0 |      15 |   0.0 |  1014
           D:6 |       0 |     164 |   0.0 |       0 |      12 |   0.0 |   887
           D:7 |       0 |     619 |   0.0 |       0 |      17 |   0.0 |  1254
           D:8 |       0 |    1112 |   0.0 |       0 |       9 |   0.0 |  1094
           D:9 |       0 |    4159 |   0.0 |       0 |      40 |   0.0 |  1259
          D:10 |       0 |    1568 |   0.0 |       0 |      30 |   0.0 |   564
               +---------+---------+-------+---------+---------+-------+---------
